 Dungeon Crawl Stone Soup version 0.30-a0-172-gc5509c9e31 (webtiles) character file.

Game seed: 7233593681220822164

209 qw the Chopper (level 5, 0/33 HPs)
             Began as a Gargoyle Fighter on Oct 1, 2022.
             Slain by Duvessa
             ... wielding a +0 short sword
              (5 damage)
             ... on level 4 of the Dungeon.
             The game lasted 00:01:08 (2801 turns).

qw the Chopper (Gargoyle Fighter)                   Turns: 2801, Time: 00:01:09

Health: 0/33       AC: 21    Str: 22    XL:     5   Next: 87%
Magic:  5/5        EV:  6    Int:  8    God:
Gold:   165        SH:  0    Dex:  9    Spells: 4/4 levels left

rFire   . . .      SeeInvis .    Y - +0 war axe
rCold   + + .      Faith    .    c - +0 buckler
rNeg    + . .      Spirit   .    h - +0 plate armour
rPois   inf        Reflect  .    g - +0 helmet
rElec   +          Harm     .    b - +0 cloak
rCorr   .          Rampage  .    (no gloves)
Will    .....                    (no boots)
Stlth   ..........               (no amulet)
HPRegen 0.25/turn                a - ring "Viaggat" {Wiz +Blink rC++}
MPRegen 0.09/turn                i - +4 ring of protection

@: confused
A: sickness immunity, AC +4, negative energy resistance 1, electricity
resistance, torment resistance 1, petrification resistance, large bone plates 1,
noise suppression
a: Evoke Blink


You were on level 4 of the Dungeon.
You visited 1 branch of the dungeon, and saw 4 of its levels.

You collected 165 gold pieces.


Innate Abilities, Weirdness & Mutations

You are immune to sickness and miasma.
Your stone body is resilient. (AC +4)
You are immune to poison.
You resist negative energy. (rN+)
You are resistant to electric shocks. (rElec)
You are resistant to unholy torment.
You are immune to petrification.
You are partially covered in large bone plates. (SH +4)
You passively dampen the noise of your surroundings.


   Skills:
 - Level 4.0 Fighting
 + Level 5.0 Axes
 - Level 3.2 Armour
 - Level 3.2 Shields


You had 4 spell levels left.
You didn't know any spells.
Your spell library was empty.

Inventory:

Hand Weapons
 j - a +0 whip
 Y - a +0 war axe (weapon)
Armour
 b - a +0 cloak (worn)
 c - a +0 buckler (worn)
 g - a +0 helmet (worn)
 h - a +0 plate armour (worn)
Jewellery
 a - the ring "Viaggat" (left hand) {Wiz +Blink rC++}
   (You found it on level 2 of the Dungeon)

   [ring of wizardry]

   It improves your spell success rate.
   rC:        It greatly protects you from cold.
   +Blink:    It lets you blink.
 i - a +4 ring of protection (right hand)
Scrolls
 o - a scroll of identify
 p - a scroll of magic mapping {unknown}
 s - a scroll of enchant weapon {unknown}
 t - a scroll of fear {unknown}
Potions
 d - 2 potions of might
 e - a potion of lignification {unknown}
 f - a potion of heal wounds
 k - a potion of cancellation {unknown}
 l - a potion of berserk rage {unknown}
 m - a potion of brilliance {unknown}
 n - a potion of degeneration {unknown}
 q - a potion of attraction {unknown}
 r - a potion of curing {unknown}

Dungeon Overview and Level Annotations

Branches:
Dungeon (4/15)
 Temple: D:4-7

Altars:
Hepliaklqana

Annotations:
D:4 2 transporters, Dowan; Duvessa; Sigmund; qw's ghost, amateur GrFi


Message History

Duvessa seems to speed up.
You block Sigmund's attack. Dowan gestures at you while chanting.
The puff of flame hits you but does no damage.
Duvessa hits you but does no damage.
You completely miss Sigmund. You hit Duvessa but do no damage.
Duvessa hits you with a +0 short sword. Sigmund hits you but does no damage.
Duvessa hits you but does no damage.
Dowan points at you and mumbles some strange words.
You resist with some effort.
You closely miss Sigmund. You barely miss Duvessa.
Duvessa hits you with a +0 short sword. Sigmund gestures at you while chanting.
You are confused.
Duvessa barely misses you.
You miss Sigmund. You hit Duvessa. Duvessa closely misses you.
Sigmund hits you with a +0 scythe.
You're too confused to move!
Duvessa hits you but does no damage.
Dowan says, "Stay away from my face!"
Dowan points at you and mumbles some strange words.
The puff of frost hits you but does no damage.
You resist. Duvessa hits you but does no damage.
Sigmund points at you and mumbles some strange words.
The magic dart hits you but does no damage.
Sigmund attacks as you move away! Sigmund hits you but does no damage.
Duvessa hits you but does no damage.
You miss Dowan. You closely miss Duvessa.
Duvessa hits you with a +0 short sword. Duvessa hits you but does no damage.
Sigmund hits you from afar with a +0 scythe!
Dowan hits you but does no damage.
Dowan casts a spell.
Dowan blinks!
Duvessa hits you with a +0 short sword.
You hit Duvessa but do no damage.
Duvessa is lightly wounded.
Duvessa hits you with a +0 short sword! Dowan casts a spell at you.
The puff of frost hits you but does no damage.
Sigmund hits you but does no damage. Duvessa hits you with a +0 short sword.
You die...

#.............######...######
#...........#####............
#............##..............
##...........................
#.............###...........
#............####...........
##...........# #............
#..........## #............
#.......@e@# #............
..........# #............
##.......## ##............
#...e...# #.............
##.....## ##########....
####### #.... #.... #####....
#........


You could see Duvessa (fast), Sigmund and Dowan.

Vanquished Creatures
  An orc priest (D:3)
  Jessica (D:3)
  4 gnolls (D:3)
  2 adders
  2 ufetubi
  2 worms
  4 dart slugs
  4 orcs (D:3)
  3 endoplasms
  A giant cockroach (D:4)
  6 goblins
  6 hobgoblins
  9 jackals
  7 kobolds
  A quokka (D:1)
  6 ball pythons
  2 bats
  3 frilled lizards
  5 rats
69 creatures vanquished.

Vanquished Creatures (others)
  4 plants (D:4)
4 creatures vanquished.

Grand Total: 73 creatures vanquished

Notes
Turn   | Place    | Note
-------+----------+-------------------------------------------
     0 | D:1      | qw the Gargoyle Fighter began the quest for the Orb.
     0 | D:1      | Reached XP level 1. HP: 14/14 MP: 1/1
     0 | D:1      | 0 ||| qw: Version: 0.2-a-13-gfc7b4b4
     0 | D:1      | 0 ||| qw: Game counter: 1808
     0 | D:1      | 0 ||| qw: Always use a shield: true
     0 | D:1      | 0 ||| qw: God list: Okawaru
     0 | D:1      | 0 ||| qw: Allow faded altars: false
     0 | D:1      | 0 ||| qw: Do Orc after D:15 true
     0 | D:1      | 0 ||| qw: Do second Lair branch before Depths: true
     0 | D:1      | 0 ||| qw: Lair rune preference: random
     0 | D:1      | 0 ||| qw: Plans: Normal, Zot:1-4, God:TSO, Crypt, Tomb,
                  | Pan, Slime:5, Hells, Abyss, Orb
     0 | D:1      | 0 ||| PLANNING D:1-11
    61 | D:1      | 61 ||| Stepping ~*~*~tactically~*~*~ (stealth).
    63 | D:1      | Reached skill level 2 in Axes
   151 | D:1      | Reached XP level 2. HP: 19/19 MP: 2/2
   189 | D:1      | 189 ||| Stepping ~*~*~tactically~*~*~ (stealth).
   193 | D:1      | 193 ||| Stepping ~*~*~tactically~*~*~ (stealth).
   196 | D:1      | 196 ||| Stepping ~*~*~tactically~*~*~ (stealth).
   392 | D:1      | 392 ||| Stepping ~*~*~tactically~*~*~ (stealth).
   475 | D:1      | Found a faded altar of an unknown god.
   641 | D:1      | Reached skill level 3 in Axes
  1197 | D:1      | 1197 ||| DROPPING scarf of harm.
  1198 | D:1      | 1198 ||| UPGRADING to +0 helmet.
  1203 | D:1      | 1203 ||| UPGRADING to +0 plate armour.
  1213 | D:1      | 1213 ||| DROPPING +0 scale mail.
  1214 | D:1      | 1214 ||| READING 2 scrolls labelled VOIVUV DILI.
  1215 | D:1      | 1215 ||| READING scroll labelled WEHIUP ABISM.
  1216 | D:1      | 1216 ||| DROPPING scroll of poison.
  1283 | D:2      | Reached XP level 3. HP: 23/23 MP: 3/3
  1287 | D:2      | Identified the ring "Viaggat" {Wiz +Blink rC++}
  1367 | D:2      | 1367 ||| Stepping ~*~*~tactically~*~*~ (stealth).
  1375 | D:2      | 1375 ||| Stepping ~*~*~tactically~*~*~ (hiding).
  1481 | D:2      | 1481 ||| Stepping ~*~*~tactically~*~*~ (stealth).
  1740 | D:2      | 1740 ||| Stepping ~*~*~tactically~*~*~ (hiding).
  1899 | D:2      | 1899 ||| UPGRADING to +0 cloak.
  1904 | D:2      | 1904 ||| UPGRADING to ring "Viaggat" {Wiz +Blink rC++}.
  1905 | D:2      | 1905 ||| UPGRADING to +4 ring of protection.
  1906 | D:2      | 1906 ||| DROPPING ring of wizardry.
  1907 | D:2      | 1907 ||| READING scroll labelled XOEXILU ICUME.
  1908 | D:2      | 1908 ||| DRINKING 2 yellow potions.
  1908 | D:2      | Gained mutation: Your natural rate of healing is unusually
                  | fast. [potion of mutation]
  1908 | D:2      | Gained mutation: Armour fits poorly on your strangely
                  | shaped body. [potion of mutation]
  1909 | D:2      | 1909 ||| DRINKING potion of mutation.
  1909 | D:2      | Lost mutation: Armour fits poorly on your strangely shaped
                  | body. [potion of mutation]
  1909 | D:2      | Lost mutation: Your natural rate of healing is unusually
                  | fast. [potion of mutation]
  1909 | D:2      | Gained mutation: You passively dampen the noise of your
                  | surroundings. [potion of mutation]
  1909 | D:2      | Gained mutation: You are partially covered in large bone
                  | plates. (SH +4) [potion of mutation]
  1943 | D:3      | Reached XP level 4. HP: 28/28 MP: 4/4
  1959 | D:3      | Noticed Jessica
  1965 | D:3      | Killed Jessica
  1966 | D:3      | Reached skill level 4 in Axes
  2163 | D:3      | 2163 ||| Stepping ~*~*~tactically~*~*~ (hiding).
  2164 | D:3      | 2164 ||| Stepping ~*~*~tactically~*~*~ (hiding).
  2175 | D:3      | Reached XP level 5. HP: 32/32 MP: 5/5
  2176 | D:3      | 2176 ||| Stepping ~*~*~tactically~*~*~ (hiding).
  2191 | D:3      | 2191 ||| Stepping ~*~*~tactically~*~*~ (hiding).
  2293 | D:3      | Reached skill level 5 in Axes
  2388 | D:3      | 2388 ||| READING scroll labelled VEAFOF INKIF.
  2389 | D:3      | 2389 ||| READING scroll labelled QIPPOGGAEJEI.
  2394 | D:3      | 2394 ||| READING scroll labelled GUFREM ENARA.
  2395 | D:3      | 2395 ||| DRINKING 2 fizzy green potions.
  2533 | D:4      | Found a transporter.
  2535 | D:4      | Noticed qw's ghost (amateur GrFi)
  2536 | D:4      | Found a transporter.
  2718 | D:4      | Found a hazy altar of Hepliaklqana.
  2790 | D:4      | Noticed Duvessa
  2790 | D:4      | Noticed Sigmund
  2790 | D:4      | Noticed Dowan
  2801 | D:4      | HP: 5/33 [Duvessa/+0 short sword (8)]
  2801 | D:4      | Slain by Duvessa

Levels and vault maps discovered:
D:1:      matt_arrival_refuge, layout_loops_ring,
          nicolae_ecumenical_lake_church, minmay_strange_pillars,
          nicolae_eternal_life
D:2:      layout_rooms, hangedman_decor_diamond_cutter, minmay_surrounded
D:3:      layout_basic, minmay_strange_pillars, uniq_jessica
D:4:      layout_cave_pods, nicolae_hepliaklqana_hazy_memory,
          gammafunk_ghost_mausoleum, uniq_duvessa, uniq_sigmund

Skill      XL: |  1  2  3  4  5 |
---------------+----------------+-----
Axes           | 2 3 4 5 |  5.0
Fighting       | 4 |  4.0
Armour         | |  3.2
Shields        | |  3.2

Action                   |  1- 3 |  4- 6 || total
-------------------------+-------+-------++-------
Melee: War axe           |   110 |    96 ||   206
  Use: Scroll            |     3 |     3 ||     6
       Potion            |     2 |     1 ||     3
Armor: Scale mail        |    24 |       ||    24
       Plate armour      |    27 |    74 ||   101
Dodge: Dodged            |    43 |    22 ||    65
Block: Buckler           |    18 |    39 ||    57

Table legend:
 A = Non-vault XP
 B = Vault XP
 C = Vault XP percentage of total XP
 D = Non-vault monster count
 E = Vault monster count
 F = Vault count percentage of total count
                 A         B        C        D         E       F
            +---------+---------+-------+---------+---------+-------
      Total |     256 |      43 |  14.4 |      65 |       4 |   5.8
            +---------+---------+-------+---------+---------+-------
        D:1 |      33 |       0 |   0.0 |      21 |       0 |   0.0
        D:2 |      40 |       6 |  13.0 |      14 |       3 |  17.6
        D:3 |     153 |      37 |  19.5 |      20 |       1 |   4.8
        D:4 |      30 |       0 |   0.0 |      10 |       0 |   0.0
            +---------+---------+-------+---------+---------+-------
